 Dungeon Crawl Stone Soup version 0.22.0-5-gf09313c8f9 (webtiles) character file.

2202 Banto the Covert (level 9, -4/51 HPs)
             Began as an Octopode Earth Elementalist on Aug 14, 2018.
             Killed from afar by Harold (12 damage)
             ... with a harpoon shot
             ... on level 7 of the Dungeon.
             The game lasted 00:10:15 (8089 turns).

Banto the Covert (Octopode Earth Elementalist)      Turns: 8089, Time: 00:10:15

Health: -4/51      AC:  1    Str:  7    XL:     9   Next: 34%
Magic:  1/15       EV: 13    Int: 21    God:
Gold:   332        SH:  0    Dex: 12    Spells: 0/16 levels left

rFire    + . .     SeeInvis .   d - +0 dagger
rCold    . . .     Gourm    .   (no shield)
rNeg     . . .     Faith    .   (helmet restricted)
rPois    +         Spirit   .   (no amulet)
rElec    .         Reflect  .   g - ring of protection from magic
rCorr    .         Harm     .   l - ring of fire
MR       +....                  r - ring of flight
Stlth    +++++.....             n - ring of poison resistance
HPRegen  0.17/turn              C - ring of protection from cold
MPRegen  0.14/turn              (no ring)
                                (no ring)
                                (no ring)

@: no status effects
A: almost no armour, stealthy swim, amphibious, 8 rings, constrict 8, camouflage
1, gelatinous body 1
a: Evoke Flight


You were on level 7 of the Dungeon.
You were hungry.

You visited 2 branches of the dungeon, and saw 10 of its levels.
You also visited: Sewer.

You collected 332 gold pieces.

Inventory:

Hand Weapons
 d - a +0 dagger (weapon)
Missiles
 b - 238 stones (quivered)
Magical Staves
 A - an uncursed staff of poison
Jewellery
 g - a ring of protection from magic (left tentacle)
 l - a ring of fire (right tentacle)
 n - a ring of poison resistance (on tentacle)
 r - a ring of flight (on tentacle)
 C - a ring of protection from cold (on tentacle)
Wands
 k - a wand of polymorph (5)
 v - a wand of flame (26)
 z - a wand of iceblast (7)
 E - a wand of random effects (20)
 F - a wand of enslavement (10)
Scrolls
 m - a scroll of amnesia
 q - 2 scrolls of magic mapping
 t - 3 scrolls of remove curse
 x - 2 scrolls of teleportation
 y - a scroll of fear
 D - a scroll of enchant armour
Potions
 a - a potion of resistance {unknown}
 e - a potion of magic {unknown}
 f - 2 potions of mutation
 h - 2 potions of lignification
 i - a potion of ambrosia {unknown}
 j - 3 potions of agility
 o - a potion of brilliance
 p - a potion of cancellation {unknown}
 s - 7 potions of curing
 u - 2 potions of flight {unknown}
 w - 2 potions of heal wounds {unknown}
Comestibles
 c - 10 rations
 B - a chunk of flesh


   Skills:
 + Level 5.1 Short Blades
 - Level 2.0 Dodging
 + Level 9.1 Stealth
 - Level 4.0 Spellcasting
 + Level 5.3 Transmutations
 + Level 6.8 Earth Magic


You couldn't memorise any spells.
You knew the following spells:

 Your Spells              Type           Power        Failure   Level  Hunger
a - Sandblast             Erth           ####..       1%          1    None
b - Passwall              Tmut/Erth      ####....     1%          2    #......
c - Stone Arrow           Conj/Erth      ###...       9%          3    ###....
d - Petrify               Tmut/Erth      ####....     10%         4    ####...
e - Lee's Rapid Deconstr  Erth           ####......   21%         5    ######.
f - Animate Skeleton      Necr           N/A          12%         1    None

Your spell library contained the following spells:

 Spells                   Type           Power        Failure   Level  Hunger
 Apportation              Tloc           #.....       12%         1    None
 Summon Small Mammal      Summ           #...         12%         1    None
 Confusing Touch          Hex            #.....       12%         1    None


Dungeon Overview and Level Annotations

Branches:
Dungeon (9/15)             Temple (1/1) D:4
   Lair: D:8-11         Orc: D:9-12

Altars:
Ashenzari
Cheibriados
Dithmenos
Fedhas
Gozag
Hepliaklqana
Kikubaaqudgha
Makhleb
Nemelex Xobeh
Okawaru
Qazlal
Ru
Trog
Vehumet
Wu Jian
Xom
Zin
The Shining One
Lugonu

Annotations:
D:7 Harold


Innate Abilities, Weirdness & Mutations

You cannot wear most types of armour.
You are very stealthy in the water. (Stealth+)
You are amphibious.
You can wear up to eight rings at the same time.
You can use your tentacles to constrict eight enemies at once.
Your skin changes colour to match your surroundings (Stealth+).
Your rubbery body absorbs attacks. (AC +1, EV +1)


Message History

Casting: Petrify (safe; 10% risk of failure)
Confirm with . or Enter, or press ? or * to list all spells.
Aiming: Petrify (safe; 10% risk of failure)
Press: ? - help, Shift-Dir - straight line, f/p - Harold
Aim: Harold, wielding a trident and wearing a chain mail (heavily wounded, constricted by you, chance to defeat MR: 24%) Harold resists with almost no effort.
You constrict Harold, but do no damage.
Casting: Petrify (safe; 10% risk of failure)
Confirm with . or Enter, or press ? or * to list all spells.
Aiming: Petrify (safe; 10% risk of failure)
Press: ? - help, Shift-Dir - straight line, f/p - Harold
Aim: Harold, wielding a trident and wearing a chain mail (heavily wounded, constricted by you, chance to defeat MR: 24%) Harold resists with almost no effort.
You are feeling hungry.
You constrict Harold. Harold hits you with a trident.
You release your grip on Harold.
Harold hits you from afar with a trident!!
* * * LOW HITPOINT WARNING * * *
Harold points at you and mumbles some strange words.
The harpoon shot hits you!
You die...

.....# #####.# #..#
##.#.# ###.####..#
#.#.# #.....##..#
#.#.# ###.....##..#
#.#.####...........#
#........#.....###.#
###.######.....# #.#
###.### #@########.#
#..!@...##.#
#######.##.# #.#


You could see Harold.

Vanquished Creatures
  Grinder (D:5)
  Sigmund (D:3)
  Duvessa (D:5)
  An ice beast (D:5)
  A sky beast (D:5)
  2 ogres (D:9)
  A phantom (D:5)
  2 centaurs
  3 big kobolds (Sewer)
  Dowan (D:5)
  A scorpion (D:8)
  A howler monkey (D:4)
  3 crimson imps
  A bullfrog zombie (D:9)
  5 hounds
  A jelly (D:5)
  2 orc priests
  A bullfrog skeleton (D:4)
  An iguana (D:4)
  3 worker ants
  A hound skeleton (D:4)
  A mummy (D:5)
  A worker ant zombie (D:5)
  3 gnolls (D:5)
  8 adders
  An adder zombie (D:5)
  2 adder skeletons
  2 worms
  A dart slug (D:5)
  7 leopard geckos
  16 orcs
  6 giant cockroaches
  6 goblins
  6 hobgoblins
  11 jackals
  A quokka (D:5)
  6 ball pythons
  8 bats
  3 frilled lizards
  17 kobolds
  A quokka skeleton (D:5)
  9 rats
150 creatures vanquished.

Vanquished Creatures (collateral kills)
  A leopard gecko (D:7)
  An orc (D:7)
2 creatures vanquished.

Grand Total: 152 creatures vanquished

Notes
Turn   | Place    | Note
-------+----------+-------------------------------------------
     0 | D:1      | Banto the Octopode Earth Elementalist began the quest for the Orb.
     0 | D:1      | Reached XP level 1. HP: 11/11 MP: 3/3
   188 | D:1      | Reached skill level 3 in Stealth
   213 | D:1      | Reached XP level 2. HP: 17/17 MP: 5/5
   994 | D:2      | Found a radiant altar of Vehumet.
  1049 | D:2      | Reached XP level 3. HP: 21/21 MP: 6/6
  1234 | D:2      | Reached skill level 4 in Stealth
  1858 | D:3      | Found an opulent altar of Gozag.
  1902 | D:3      | Reached XP level 4. HP: 12/27 MP: 5/7
  2246 | D:3      | Found a glowing silver altar of Zin.
  2361 | D:3      | Noticed Sigmund
  2366 | D:3      | Learned a level 2 spell: Passwall
  2370 | D:3      | Learned a level 3 spell: Stone Arrow
  2391 | D:3      | Found a bloodstained altar of Trog.
  2395 | D:3      | Killed Sigmund
  2395 | D:3      | Reached skill level 1 in Short Blades
  2395 | D:3      | Reached skill level 5 in Stealth
  2395 | D:3      | Reached XP level 5. HP: 31/31 MP: 5/8
  2395 | D:3      | Reached XP level 6. HP: 36/36 MP: 5/9
  2652 | D:3      | Found a sacrificial altar of Ru.
  2798 | D:4      | Found a glowing drain.
  2886 | Sewer    | Entered a sewer
  3117 | Sewer    | Reached skill level 6 in Stealth
  3352 | Sewer    | Reached XP level 7. HP: 41/41 MP: 11/11
  3400 | D:4      | Found a shimmering altar of Xom.
  3500 | D:4      | Found a hazy altar of Hepliaklqana.
  3512 | D:4      | Reached skill level 5 in Earth Magic
  3759 | D:4      | Found a staircase to the Ecumenical Temple.
  3957 | D:4      | Learned a level 4 spell: Petrify
  4048 | Temple   | Entered the Ecumenical Temple
  4619 | D:5      | Entered Level 5 of the Dungeon
  4700 | D:5      | Reached XP level 8. HP: 46/46 MP: 10/13
  4748 | D:5      | Reached skill level 7 in Stealth
  4911 | D:5      | Noticed Grinder
  4957 | D:5      | Learned a level 5 spell: Lee's Rapid Deconstruction
  5057 | D:5      | Found a burning altar of Makhleb.
  5159 | D:5      | Killed Grinder
  5557 | D:5      | Noticed Duvessa
  5558 | D:5      | Noticed Dowan
  5883 | D:5      | Killed Duvessa
  6249 | D:5      | Killed Dowan
  6249 | D:5      | Reached skill level 8 in Stealth
  6332 | D:5      | Found a shadowy altar of Dithmenos.
  6713 | D:5      | Found a snail-covered altar of Cheibriados.
  6726 | D:5      | Reached XP level 9. HP: 51/51 MP: 10/15
  7001 | D:6      | You fall through a shaft for 3 floors!
  7410 | D:9      | Reached skill level 5 in Transmutations
  7436 | D:9      | Reached skill level 5 in Short Blades
  7558 | D:8      | Found an iron altar of Okawaru.
  7733 | D:8      | Learned a level 1 spell: Animate Skeleton
  7767 | D:8      | Reached skill level 9 in Stealth
  8078 | D:7      | Noticed Harold
  8089 | D:7      | Killed from afar by Harold

Skill      XL: |  1  2  3  4  5  6  7  8  9 |
---------------+----------------------------+-----
Stealth        | 3 4 5 6 8 9 |  9.1
Earth Magic    | 4 5 6 |  6.8
Short Blades   | 1 2 3 4 5 |  5.1
Transmutations | 2 3 4 5 |  5.3
Spellcasting   | 3 4 |  4.0
Dodging        | |  2.0

Action                   |  1- 3 |  4- 6 |  7- 9 || total
-------------------------+-------+-------+-------++-------
Melee: Unarmed           |     9 |       |       ||     9
       Constrict         |    16 |    23 |    29 ||    68
       Dagger            |    50 |    84 |   180 ||   314
       Tentacles         |     8 |     8 |    21 ||    37
 Cast: Sandblast         |     2 |    18 |    48 ||    68
       Passwall          |       |       |     6 ||     6
       Petrify           |       |       |    23 ||    23
       Animate Skeleton  |       |       |     3 ||     3
  Use: Scroll            |       |       |    18 ||    18
       Potion            |       |       |     2 ||     2
 Stab: Sleeping          |    17 |    21 |    22 ||    60
       Petrified         |       |       |    13 ||    13
  Eat: Chunk             |     3 |     4 |    20 ||    27
Armor: Skin              |     8 |     8 |    25 ||    41
Dodge: Dodged            |    40 |    70 |    82 ||   192
